 Dungeon Crawl Stone Soup version 0.19.0-24-gb05acd6 (webtiles) character file.

1865 Duskembrace the Jinx (level 8, -17/52 HPs)
             Began as a Vampire Enchanter on Nov 22, 2016.
             Demolished by mathias's ghost (22 damage)
             ... in a bailey.
             The game lasted 00:24:40 (7782 turns).

Duskembrace the Jinx (Vampire Enchanter)            Turns: 7782, Time: 00:24:41

Health: -17/52     AC:  8    Str: 16    XL:     8   Next: 90%
Magic:  3/11       EV: 14    Int: 20    God:
Gold:   574        SH:  0    Dex: 11    Spells: 4 memorised, 2 levels left

rFire  . . .     SeeInvis +     K - +1 dagger (protect)
rCold  . . .     Gourm    .     b - +1 robe
rNeg   + . .     Faith    .     (no shield)
rPois  .         Spirit   .     (no helmet)
rElec  .         Reflect  .     w - +1 cloak {MR+}
rCorr  .         Harm     .     t - +0 pair of gloves
MR     +....                    m - +1 pair of boots
Stlth  ++++......               (no amulet)
                                o - -3 ring of dexterity (curse)
                                n - +4 ring of strength

@: mighty
A: fangs 3, see invisible, unbreathing
a: Bat Form


You were in a bailey.
You were not thirsty.

You visited 2 branches of the dungeon, and saw 8 of its levels.
You also visited: Ossuary and Bailey.

You collected 574 gold pieces.

Inventory:

Hand Weapons
 a - a +1 dagger
 v - a +3 quarterstaff of chaos
 G - a +0 blowgun
 K - a +1 dagger of protection (weapon)
Missiles
 k - 7 javelins (quivered)
 p - 8 needles of frenzy
 F - 50 poisoned needles
Armour
 b - a +1 robe (worn)
 m - a +1 pair of boots (worn)
 t - a +0 pair of gloves (worn)
 w - a +1 cloak of magic resistance (worn)
Jewellery
 g - an uncursed ring of fire {unknown}
 n - a +4 ring of strength (left hand)
 o - a cursed -3 ring of dexterity (right hand)
 M - a +2 ring of dexterity
 N - an uncursed amulet of magic regeneration {unknown}
Wands
 y - a wand of flame (15/48)
 H - a wand of slowing (18/48)
 P - a wand of digging (14/24)
Scrolls
 e - 3 scrolls of fog
 i - a scroll of enchant armour
 j - 3 scrolls of teleportation
 r - a scroll of recharging
 z - 2 scrolls of amnesia
 A - a scroll of magic mapping
 E - a scroll of enchant weapon
 O - a scroll of identify
Potions
 d - 6 potions of blood
 f - 2 potions of curing
 h - 3 potions of mutation
 l - 3 potions of might
 q - a potion of magic {unknown}
 s - 3 potions of degeneration
 u - 3 potions of haste {unknown}
 x - 2 potions of cancellation {unknown}
 B - 3 potions of cure mutation {unknown}
 C - 2 potions of resistance {unknown}
 D - a potion of brilliance {unknown}
 I - a potion of heal wounds {unknown}
 J - 2 potions of beneficial mutation {unknown}
 L - 2 potions of flight {unknown}
Books
 c - a book of Maledictions

   Spells                             Type                      Level
   a - Corona                         Hexes                        1
   b - Ensorcelled Hibernation        Hexes/Ice                    2
   c - Confuse                        Hexes                        3
   d - Tukima's Dance                 Hexes                        3
   e - Dazzling Spray                 Conjuration/Hexes            3


   Skills:
 - Level 1.1 Short Blades
 + Level 5.9 Dodging
 + Level 11.0 Stealth
 - Level 2.0 Spellcasting
 + Level 12.0 Hexes


You had 2 spell levels left.
You knew the following spells:

 Your Spells              Type           Power        Failure   Level  Hunger
a - Corona                Hex            ######.      1%          1    #......
b - Ensorcelled Hibernat  Hex/Ice        ####..       1%          2    ##.....
c - Confuse               Hex            ######..     1%          3    ###....
d - Tukima's Dance        Hex            ######..     1%          3    ###....


Dungeon Overview and Level Annotations

Branches:
Dungeon (7/15)             Temple (1/1) D:6

Altars:
Ashenzari
Gozag
Okawaru
Qazlal
Ru
Trog
Uskayaw
Vehumet
Xom
Yredelemnul
Zin

Annotations:
D:7 Menkaure Bailey mathias's ghost, novice TrGl


Innate Abilities, Weirdness & Mutations

You have razor-sharp teeth.
You have supernaturally acute eyesight. (SInv)
You can survive without breathing.


Message History

Mathias's ghost closely misses you.
You barely miss mathias's ghost.
Mathias's ghost is severely damaged.
Mathias's ghost hits you!!
* * * LOW HITPOINT WARNING * * *
Mathias's ghost keens inconsolably.
You feel better. Mathias's ghost closely misses you.
You feel better. Mathias's ghost hits you.
You feel better. Mathias's ghost barely misses you.
Found a gate leading back out of this place.
An orc and an orc warrior come into view.
The orc shouts!
An orc comes into view. It is wielding a trident.
Mathias's ghost hits you!!
* * * LOW HITPOINT WARNING * * *
The orc hits you but does no damage.
The orc warrior shouts!
The orc shouts!
Mathias's ghost hits you!!
You die...

######## .......##
≈≈≈≈≈≈..##
..)))≈≈..##
.###..≈≈..##########
## ##..≈≈..........#
#W∩.##..≈≈≈≈≈≈≈≈≈≈.#
.....##.)......W@≈.#
##'###'#########.≈.#
...... #.≈.# ≈≈≈≈≈≈.
o.≈.# ...oo≈§ ..≈≈.#
.⌠⌠⌠.§§ .o≈≈.∩#
..⌠.§.§ #..≈≈.##
.o..§§≈ ##.o≈≈.
##..≈.


You could see an orc warrior, mathias's ghost and 2 orcs.

Vanquished Creatures
  Prince Ribbit (D:7)
  Duvessa (D:6)
  2 ice beasts (D:6)
  A phantom (D:6)
  An ogre (D:5)
  2 centaurs
  Dowan (D:6)
  A scorpion (D:7)
  A howler monkey (D:6)
  A quasit (D:5)
  A bullfrog zombie (D:5)
  A jelly (D:5)
  Crazy Yiuf (D:4)
  A centaur skeleton (D:5)
  3 hounds (D:4)
  An iguana (D:3)
  2 bullfrog skeletons (D:4)
  Natasha (thrice) (D:4)
  4 worker ants
  8 mummies (Ossuary)
  3 gnolls (D:4)
  10 adders
  A shadow imp (D:6)
  An adder skeleton (D:6)
  5 worms
  7 dart slugs
  3 leopard geckos
  23 orcs
  9 bats
  7 giant cockroaches
  A gnoll zombie (Ossuary)
  17 hobgoblins
  6 jackals
  2 quokkas
  A ball python (D:1)
  10 frilled lizards
  16 goblins
  A hobgoblin zombie (Ossuary)
  14 kobolds
  6 orc zombies (Ossuary)
  9 rats
189 creatures vanquished.

Vanquished Creatures (collateral kills)
  Blork the orc (D:6)
1 creature vanquished.

Vanquished Creatures (others)
  2 dancing weapons (Bailey)
2 creatures vanquished.

Grand Total: 192 creatures vanquished

Notes
Turn   | Place    | Note
-------+----------+-------------------------------------------
     0 | D:1      | Duskembrace the Vampire Enchanter began the quest for the Orb.
     0 | D:1      | Reached XP level 1. HP: 13/13 MP: 3/3
     4 | D:1      | Noticed a human
     4 | D:1      | Noticed a formicid
     6 | D:1      | Noticed a merfolk
     6 | D:1      | Noticed a vampire
    10 | D:1      | Noticed a troll
    10 | D:1      | Noticed a ghoul
    12 | D:1      | Noticed an ogre
    14 | D:1      | Noticed a tengu
    16 | D:1      | Noticed a demonspawn
    16 | D:1      | Noticed a vine stalker
    18 | D:1      | Noticed a demigod
    18 | D:1      | Noticed a gargoyle
    20 | D:1      | Noticed a centaur
    20 | D:1      | Noticed a naga
    22 | D:1      | Noticed an octopode
    22 | D:1      | Noticed a spriggan
    24 | D:1      | Noticed a halfling
    24 | D:1      | Noticed an elf
    26 | D:1      | Noticed a draconian
    26 | D:1      | Noticed a felid
    28 | D:1      | Noticed a minotaur
    28 | D:1      | Noticed a dwarf
   487 | D:1      | Reached XP level 2. HP: 10/19 MP: 3/5
   491 | D:1      | Learned a level 2 spell: Ensorcelled Hibernation
   636 | D:1      | Reached skill level 5 in Hexes
   801 | D:1      | Reached skill level 5 in Stealth
  1098 | D:1      | Reached XP level 3. HP: 21/24 MP: 6/6
  1402 | D:2      | Found a radiant altar of Vehumet.
  1405 | D:2      | Found a sacrificial altar of Ru.
  1678 | D:2      | Learned a level 3 spell: Confuse
  1791 | D:2      | Reached skill level 6 in Hexes
  1931 | D:2      | Reached XP level 4. HP: 30/30 MP: 4/7
  2521 | D:3      | Found a hide-covered altar of Uskayaw.
  2648 | D:3      | Reached skill level 7 in Hexes
  2741 | D:3      | Reached XP level 5. HP: 35/35 MP: 8/8
  2900 | D:3      | Reached skill level 8 in Hexes
  3193 | D:3      | Found an opulent altar of Gozag.
  3338 | D:4      | Reached XP level 6. HP: 41/41 MP: 4/9
  3533 | D:4      | Found a runed door.
  3537 | D:4      | Noticed Crazy Yiuf
  3543 | D:4      | Killed Crazy Yiuf
  3643 | D:4      | Noticed Natasha
  3652 | D:4      | Killed Natasha
  3652 | D:4      | Reached skill level 9 in Hexes
  3659 | D:4      | Found a sand-covered staircase.
  3666 | Ossuary  | Entered an ossuary
  4553 | D:4      | Noticed Natasha
  4557 | D:4      | Killed Natasha
  4661 | D:4      | Reached XP level 7. HP: 46/46 MP: 10/10
  4758 | D:4      | Noticed Natasha
  4768 | D:4      | Killed Natasha
  4768 | D:4      | Reached skill level 10 in Hexes
  5482 | D:5      | Entered Level 5 of the Dungeon
  5486 | D:5      | Found an iron altar of Okawaru.
  5839 | D:5      | Noticed Blork the orc
  6043 | D:5      | Reached XP level 8. HP: 52/52 MP: 11/11
  6132 | D:5      | Found a bloodstained altar of Trog.
  6135 | D:5      | Found a basalt altar of Yredelemnul.
  6197 | D:5      | Noticed Duvessa
  6199 | D:5      | Noticed Dowan
  6563 | D:6      | Learned a level 3 spell: Tukima's Dance
  6568 | D:6      | Killed Blork the orc
  6703 | D:6      | Reached skill level 11 in Hexes
  6841 | D:6      | Found a staircase to the Ecumenical Temple.
  6852 | Temple   | Entered the Ecumenical Temple
  6873 | D:6      | Killed Duvessa
  6880 | D:6      | Killed Dowan
  6880 | D:6      | Reached skill level 10 in Stealth
  6894 | D:6      | Reached skill level 5 in Dodging
  7174 | D:6      | Found a shattered altar of Ashenzari.
  7345 | D:6      | Found a glowing silver altar of Zin.
  7345 | D:6      | Noticed an angel
  7385 | D:7      | Noticed Prince Ribbit
  7388 | D:7      | Killed Prince Ribbit
  7402 | D:7      | Found a flagged portal.
  7402 | D:7      | Noticed Menkaure
  7412 | Bailey   | Entered a bailey
  7532 | Bailey   | Reached skill level 12 in Hexes
  7580 | Bailey   | Noticed mathias's ghost (novice TrGl)
  7658 | Bailey   | Noticed an orc knight
  7782 | Bailey   | Demolished by mathias's ghost

Skill      XL: |  1  2  3  4  5  6  7  8 |
---------------+-------------------------+-----
Hexes          | 5 6 7 8 9 10 12 | 12.0
Stealth        | 5 6 7 9 11 | 11.0
Dodging        | 3 5 |  5.9
Short Blades   | |  1.1
Spellcasting   | |  2.0

Action                   |  1- 3 |  4- 6 |  7- 9 || total
-------------------------+-------+-------+-------++-------
Melee: Dagger            |   111 |   218 |   232 ||   561
       Bite              |     8 |    13 |    18 ||    39
 Cast: Corona            |     4 |       |       ||     4
       Ensorcelled Hiber |    10 |    44 |    32 ||    86
       Confuse           |       |    11 |    21 ||    32
       Tukima's Dance    |       |       |     4 ||     4
 Abil: End Transformatio |       |     1 |     1 ||     2
       Bat Form          |       |     1 |     1 ||     2
  Use: Scroll            |       |    12 |     5 ||    17
       Potion            |       |     1 |    13 ||    14
 Stab: Sleeping          |    18 |    42 |    50 ||   110
       Confused          |       |    10 |    13 ||    23
       Distracted        |       |       |     1 ||     1
  Eat: Corpse            |     8 |     6 |     3 ||    17
Armor: Robe              |    26 |    38 |    99 ||   163
Dodge: Dodged            |    68 |    98 |   186 ||   352
